MLB
SEATTLE MARINERS @ NEW YORK YANKEES
04/25/2099
 
TOP OF THE 1ST
Seattle Mariners batting - Pitching for New York Yankees : RHP Eddy Alvarez
Pitching: RHP Eddy Alvarez
Batting: LHB Juan Aranda 0-0: Foul Ball, location: 7LSF
0-1: Ball
1-1: Ball
2-1: Foul Ball, location: 2F
2-2: Strikes out looking
Batting: LHB Omar Perez 0-0: Ball
1-0: Ball
2-0: Ball
3-0: Called Strike
3-1: Base on Balls
Batting: SHB John Brownfield 0-0: Called Strike
0-1: Called Strike
0-2: Ball
1-2: Foul Ball, location: 3F
1-2: Foul Ball, location: 25F
1-2: Ball
Omar Perez is caught stealing 2nd base 2-6
2-2: Strikes out swinging
Top of the 1st over - 0 runs, 0 hits, 0 errors, 0 left on base; Seattle 0 - New York 0
BOTTOM OF THE 1ST
New York Yankees batting - Pitching for Seattle Mariners : LHP John McWilliams
Pitching: LHP John McWilliams
Batting: LHB Bobby Brown 0-0: Ground out 4-3 (Groundball, 4, EV 103.1 MPH)
Batting: RHB Cedric Tracy 0-0: Called Strike
0-1: Foul Ball, location: 3FF
0-2: Ball
1-2: SINGLE (Line Drive, 3D, EV 98.8 MPH)
Batting: RHB Zach Sterling 0-0: Ball
1-0: Grounds into double play, 6-4-3 (Groundball, 56, EV 108.8 MPH)
Bottom of the 1st over - 0 runs, 1 hit, 0 errors, 0 left on base; Seattle 0 - New York 0
TOP OF THE 2ND
Seattle Mariners batting - Pitching for New York Yankees : RHP Eddy Alvarez
Batting: LHB Keith Bundy 0-0: Ball
1-0: Foul Ball, location: 2F
1-1: Fly out, F7 (Flyball, 7, EV 89.4 MPH)
Batting: RHB Jonathan Becktell 0-0: Ground out 4-3 (Groundball, 4MD, EV 103.1 MPH)
Batting: LHB Tim Larsen 0-0: Ball
1-0: Fly out, F5 (Popup, 56, EV 73.1 MPH)
Top of the 2nd over - 0 runs, 0 hits, 0 errors, 0 left on base; Seattle 0 - New York 0
BOTTOM OF THE 2ND
New York Yankees batting - Pitching for Seattle Mariners : LHP John McWilliams
Batting: LHB Jose Guevara 0-0: Ball
1-0: SINGLE (Line Drive, 9LS, EV 86.9 MPH)
Batting: RHB Aaron Comeaux 0-0: Called Strike
0-1: Swinging Strike
0-2: Foul Ball, location: 2F
0-2: Strikes out swinging
Batting: SHB Seth Hardenbrook 0-0: Swinging Strike
0-1: Ball
1-1: Grounds into double play, 6-4-3 (Groundball, 6S, EV 85.6 MPH)
Bottom of the 2nd over - 0 runs, 1 hit, 0 errors, 0 left on base; Seattle 0 - New York 0
TOP OF THE 3RD
Seattle Mariners batting - Pitching for New York Yankees : RHP Eddy Alvarez
Batting: RHB Kenny Dahl 0-0: Ball
1-0: Ground out 6-3 (Groundball, 6, EV 102.5 MPH)
Batting: LHB Jon Garza 0-0: Ground out 5-3 (Groundball, 56S, EV 81.3 MPH)
Batting: RHB Brad Bargfrede 0-0: Ground out 5-3 (Groundball, 56, EV 86.9 MPH)
Top of the 3rd over - 0 runs, 0 hits, 0 errors, 0 left on base; Seattle 0 - New York 0
BOTTOM OF THE 3RD
New York Yankees batting - Pitching for Seattle Mariners : LHP John McWilliams
Batting: RHB Carlos Jeronimo 0-0: Ball
1-0: Called Strike
1-1: Ball
2-1: SINGLE (Line Drive, 89S, EV 94.4 MPH)
Batting: LHB Ryan McCullough 0-0: Ball
1-0: Swinging Strike
1-1: Called Strike
1-2: Ball
2-2: Ball
3-2: SINGLE (Groundball, 34D, EV 79.4 MPH)
Carlos Jeronimo to second
Carlos Jeronimo to third
Batting: RHB Jeff Gerdom 0-0: Swinging Strike
0-1: Called Strike
0-2: Ball
1-2: Foul Ball, location: 2F
1-2: Strikes out looking
Batting: LHB Bobby Brown 0-0: Foul Ball, location: 9LSFF
0-1: Foul Ball, location: 2F
0-2: Foul Ball, location: 25FF
0-2: Strikes out swinging
Batting: RHB Cedric Tracy 0-0: Fly out, F9 (Line Drive, 89M, EV 88.1 MPH)
Bottom of the 3rd over - 0 runs, 2 hits, 0 errors, 2 left on base; Seattle 0 - New York 0
TOP OF THE 4TH
Seattle Mariners batting - Pitching for New York Yankees : RHP Eddy Alvarez
Batting: LHB Juan Aranda 0-0: Called Strike
0-1: Ball
1-1: Called Strike
1-2: Strikes out swinging
Batting: LHB Omar Perez 0-0: Called Strike
0-1: Ball
1-1: Ball
2-1: Ground out 2-3 (Groundball, 15S, EV 70.6 MPH)
Batting: SHB John Brownfield 0-0: Called Strike
0-1: Swinging Strike
0-2: Foul Ball, location: 2F
0-2: Strikes out swinging
Top of the 4th over - 0 runs, 0 hits, 0 errors, 0 left on base; Seattle 0 - New York 0
BOTTOM OF THE 4TH
New York Yankees batting - Pitching for Seattle Mariners : LHP John McWilliams
Batting: RHB Zach Sterling 0-0: Called Strike
0-1: Swinging Strike
0-2: Fly out, F2 (Popup, 15S, EV 82.5 MPH)
Batting: LHB Jose Guevara 0-0: Foul Ball, location: 2F
0-1: Foul Ball, location: 2F
0-2: Ball
1-2: Strikes out looking
Batting: RHB Aaron Comeaux 0-0: Ball
1-0: Ball
2-0: Fly out, F3 (Popup, 3SF, EV 67.5 MPH)
Bottom of the 4th over - 0 runs, 0 hits, 0 errors, 0 left on base; Seattle 0 - New York 0
TOP OF THE 5TH
Seattle Mariners batting - Pitching for New York Yankees : RHP Eddy Alvarez
Batting: LHB Keith Bundy 0-0: Ball
1-0: Fly out, F7 (Flyball, 7, EV 96.3 MPH)
Batting: RHB Jonathan Becktell 0-0: Foul Ball, location: 2F
0-1: DOUBLE (Line Drive, 78D, EV 108.1 MPH)
Batting: LHB Tim Larsen 0-0: Fly out, F7 (Flyball, 7D, EV 95.6 MPH)
Batting: RHB Kenny Dahl 0-0: Ball
1-0: Foul Ball, location: 2RF
1-1: Fly out, F9 (Flyball, 9, EV 86.3 MPH)
Top of the 5th over - 0 runs, 1 hit, 0 errors, 1 left on base; Seattle 0 - New York 0
BOTTOM OF THE 5TH
New York Yankees batting - Pitching for Seattle Mariners : LHP John McWilliams
Batting: SHB Seth Hardenbrook 0-0: Foul Ball, location: 3F
0-1: Swinging Strike
0-2: Strikes out looking
Batting: RHB Carlos Jeronimo 0-0: SINGLE (Line Drive, 6MD, EV 95.0 MPH)
Batting: LHB Ryan McCullough 0-0: Ball
1-0: Called Strike
1-1: Swinging Strike
1-2: Foul Ball, location: 9LDF
1-2: Ball
2-2: Foul Ball, location: 2F
2-2: Ball
3-2: Strikes out looking
Pitching: RHP Kevin Riffel
Batting: RHB Jeff Gerdom 0-0: Fly out, F8 (Line Drive, 8LM, EV 93.1 MPH)
Bottom of the 5th over - 0 runs, 1 hit, 0 errors, 1 left on base; Seattle 0 - New York 0
TOP OF THE 6TH
Seattle Mariners batting - Pitching for New York Yankees : RHP Eddy Alvarez
Batting: LHB Jon Garza 0-0: Ball
1-0: Ball
2-0: Swinging Strike
2-1: Ground out 4-3 (Groundball, 4, EV 102.5 MPH)
Batting: RHB Brad Bargfrede 0-0: Foul Ball, location: 9LMF
0-1: Foul Ball, location: 2F
0-2: Ball
1-2: Strikes out swinging
Batting: LHB Juan Aranda 0-0: Ball
1-0: Called Strike
1-1: Called Strike
1-2: Strikes out swinging
Top of the 6th over - 0 runs, 0 hits, 0 errors, 0 left on base; Seattle 0 - New York 0
BOTTOM OF THE 6TH
New York Yankees batting - Pitching for Seattle Mariners : RHP Kevin Riffel
Batting: LHB Bobby Brown 0-0: Foul Ball, location: 5SF
0-1: Fly out, F9 (Flyball, 9D, EV 106.9 MPH)
Batting: RHB Cedric Tracy 0-0: SINGLE (Groundball, 6MD, EV 104.4 MPH)
Batting: RHB Zach Sterling 0-0: Grounds into double play, 6-4-3 (Groundball, 6, EV 100.6 MPH)
Bottom of the 6th over - 0 runs, 1 hit, 0 errors, 0 left on base; Seattle 0 - New York 0
TOP OF THE 7TH
Seattle Mariners batting - Pitching for New York Yankees : RHP Eddy Alvarez
Batting: LHB Omar Perez 0-0: Called Strike
0-1: Foul Ball, location: 25FF
0-2: Foul Ball, location: 2F
0-2: Foul Ball, location: 25F
0-2: Ball
1-2: SOLO HOME RUN (Flyball, 89XD, EV 98.1 MPH), Distance : 411 ft
Batting: SHB John Brownfield 0-0: Ball
1-0: SOLO HOME RUN (Line Drive, 9D, EV 98.1 MPH), Distance : 386 ft
Batting: LHB Keith Bundy 0-0: Called Strike
0-1: Ball
1-1: Swinging Strike
1-2: Strikes out swinging
Batting: RHB Jonathan Becktell 0-0: Ball
1-0: Called Strike
1-1: Swinging Strike
1-2: Ground out 6-3 (Groundball, 6S, EV 89.4 MPH)
Batting: LHB Tim Larsen 0-0: Fly out, F4 (Popup, 34S, EV 80.0 MPH)
Top of the 7th over - 2 runs, 2 hits, 0 errors, 0 left on base; Seattle 2 - New York 0
BOTTOM OF THE 7TH
New York Yankees batting - Pitching for Seattle Mariners : RHP Kevin Riffel
Pitching: RHP Gary Kennedy
Batting: LHB Jose Guevara 0-0: Ball
1-0: Ball
2-0: Fly out, F6 (Popup, 4M, EV 55.6 MPH)
Batting: RHB Aaron Comeaux 0-0: Ball
1-0: Called Strike
1-1: Ball
2-1: Ball
3-1: Swinging Strike
3-2: DOUBLE (Line Drive, 5D, EV 98.8 MPH)
Batting: SHB Seth Hardenbrook 0-0: Ball
1-0: Ball
2-0: Fly out, F9 (Flyball, 89S, EV 95.0 MPH)
Pinch Hitting: LHB Ricky Delgado 0-0: Called Strike
0-1: Foul Ball, location: 7LDF
0-2: SINGLE (Line Drive, 56D, EV 95.0 MPH)
Aaron Comeaux to third
Runner from 3rd tries for Home, SAFE, throw by LF to home
Batting: LHB Ryan McCullough 0-0: Ball
1-0: Fly out, F8 (Flyball, 8LD, EV 108.1 MPH)
Bottom of the 7th over - 1 run, 2 hits, 0 errors, 1 left on base; Seattle 2 - New York 1
TOP OF THE 8TH
Seattle Mariners batting - Pitching for New York Yankees : RHP Eddy Alvarez
Now in LF: Ricky Delgado
Now in RF: Ryan McCullough
Batting: RHB Kenny Dahl 0-0: Ball
1-0: Ball
2-0: Ball
3-0: Called Strike
3-1: Called Strike
3-2: Strikes out swinging
Batting: LHB Jon Garza 0-0: Called Strike
0-1: Fly out, F8 (Flyball, 78M, EV 94.4 MPH)
Batting: RHB Brad Bargfrede 0-0: Ball
1-0: SINGLE (Groundball, 4MD, EV 104.4 MPH)
Batting: LHB Juan Aranda 0-0: Called Strike
0-1: Ball
1-1: Ball
2-1: Foul Ball, location: 5F
2-2: Strikes out looking
Top of the 8th over - 0 runs, 1 hit, 0 errors, 1 left on base; Seattle 2 - New York 1
BOTTOM OF THE 8TH
New York Yankees batting - Pitching for Seattle Mariners : RHP Gary Kennedy
Batting: RHB Jeff Gerdom 0-0: Ball
1-0: Foul Ball, location: 5F
1-1: Ball
2-1: Ground out 6-3 (Groundball, 6, EV 85.0 MPH)
Batting: LHB Bobby Brown 0-0: SINGLE (Groundball, 4M, EV 86.3 MPH) (infield hit)
Pinch Hitting: RHB Brandon Thomas 0-0: Fly out, F8 (Flyball, 8LD, EV 102.5 MPH)
Batting: RHB Zach Sterling 0-0: Swinging Strike
0-1: Ball
1-1: Called Strike
1-2: Strikes out looking
Bottom of the 8th over - 0 runs, 1 hit, 0 errors, 1 left on base; Seattle 2 - New York 1
TOP OF THE 9TH
Seattle Mariners batting - Pitching for New York Yankees : RHP Eddy Alvarez
Now at 2B: Brandon Thomas
Batting: LHB Omar Perez 0-0: Ball
1-0: Ball
2-0: Ball
3-0: Called Strike
3-1: Called Strike
3-2: Strikes out swinging
Batting: SHB John Brownfield 0-0: Ball
1-0: Ball
2-0: Called Strike
2-1: Called Strike
2-2: Ground out 4-3 (Groundball, 4M, EV 96.3 MPH)
Batting: LHB Keith Bundy 0-0: Ball
1-0: Called Strike
1-1: Foul Ball, location: 3F
1-2: SINGLE (Line Drive, 7S, EV 97.5 MPH)
Batting: RHB Jonathan Becktell 0-0: Foul Ball, location: 2F
0-1: Called Strike
0-2: Foul Ball, location: 5FF
0-2: Fly out, F8 (Flyball, 8RM, EV 95.6 MPH)
Top of the 9th over - 0 runs, 1 hit, 0 errors, 1 left on base; Seattle 2 - New York 1
BOTTOM OF THE 9TH
New York Yankees batting - Pitching for Seattle Mariners : RHP Gary Kennedy
Pitching: RHP Tony Soto
Batting: LHB Jose Guevara 0-0: Foul Ball, location: 5SF
0-1: Foul Ball, location: 2F
0-2: Foul Ball, location: 9LDF
0-2: Ball
1-2: Ball
2-2: Ground out 1-3 (Groundball, 34S, EV 66.9 MPH)
Pinch Hitting: LHB Aaron Bruckerhoff 0-0: Foul Ball, location: 3FF
0-1: Fly out, F9 (Flyball, 9, EV 95.6 MPH)
Batting: SHB Seth Hardenbrook 0-0: Ball
1-0: Foul Ball, location: 7LSF
1-1: Foul Ball, location: 3F
1-2: Strikes out swinging
Bottom of the 9th over - 0 runs, 0 hits, 0 errors, 0 left on base; Seattle 2 - New York 1
Saturday, May 4th , 2024 - OOTP Baseball 24.11 Build 85